 Dungeon Crawl Stone Soup version 0.32-a0-931-g5a2cda0630 (webtiles) character file.

Game seed: 15700459209767631342

104440 Pooter the Severer (level 15, 0/145 HPs)
             Began as a Minotaur Berserker on Apr 12, 2024.
             Was an Elder of Trog.
             Killed from afar by a starcursed mass (11 damage)
             ... with an accursed screaming
             ... on level 3 of the Abyss on Apr 13, 2024.
             The game lasted 02:13:16 (27087 turns).

Pooter the Severer (Minotaur Berserker)            Turns: 27087, Time: 02:13:16

Health: 0/145      AC: 26    Str: 20    XL:     15   Next: 91%
Magic:  0/15       EV:  4    Int:  5    God:    Trog [****..]
Gold:   690        SH:  0    Dex: 18    Spells: 14/14 levels left

rFire   + + +        a - +8 battleaxe "Raamuc" {flame, rC+ rN+ Str-3}
rCold   + + .        (shield currently unavailable)
rNeg    + . .        Q - +1 gold dragon scales
rPois   +            N - +2 hat {Int+3}
rElec   .            (no cloak)
rCorr   .            Y - +1 pair of gloves "Acrafec" {Regen+}
SInv    .            S - +2 pair of boots {Fly}
Will    +....        G - amulet of guardian spirit Stlth
                     P - +4 ring of slaying
HPRegen 0.00/turn    F - ring of the Tarantula {Fly rPois rF+ Int+2 Dex+6}
MPRegen 0.14/turn

%: guardian spirit
@: about to teleport, spiked, sick, flying
A: horns 2, retaliatory headbutt, fire resistance 1, high MP 1, [dopey 2], [weak
2], [persistent drain]
a: Renounce Religion, Berserk, Trog's Hand, Brothers in Arms


You were on level 3 of the Abyss.
You worshipped Trog.
Trog was greatly pleased with you.
You visited 3 branches of the dungeon, and saw 21 of its levels.
You visited the Abyss 1 time.
You also visited: Gauntlet and Ice Cave.

You collected 2854 gold pieces.
You spent 2164 gold pieces at shops.

Inventory:

Hand Weapons
 a - the +8 battleaxe "Raamuc" (weapon) {flame, rC+ rN+ Str-3}
   (You acquired it on level 3 of the Dungeon)

   Str-3:     It affects your strength (-3).
   rC+:       It protects you from cold.
   rN+:       It protects you from negative energy.
 b - a +3 arbalest
   (You took it off a kobold blastminer on level 1 of the Orcish Mines)
 z - a +1 executioner's axe of electrocution
   (You took it off Rupert on level 12 of the Dungeon)
 R - the +6 short sword of the Endless Mice {flame, rN+++ rCorr MP+9 Int-4}
   (You found it on level 5 of the Dungeon)

   Int-4:     It affects your intelligence (-4).
   rN+++:     It renders you almost immune to negative energy.
   MP+9:      It affects your magic capacity (+9).
   rCorr:     It protects you from acid and corrosion.
 W - the +11 trident of Discord {holy, SInv}
   (You found it on level 5 of the Lair of Beasts)

   SInv:      It lets you see invisible.
Missiles
 c - 5 atropa-tipped darts
 g - 4 poisoned darts
 h - 15 javelins
 n - 15 boomerangs (quivered)
 B - 2 silver javelins
Armour
 d - the +4 fire dragon scales of Midwinter {rF++ rC- SInv}
   (You found it in a Gauntlet)

   rF++:      It greatly protects you from fire.
   rC-:       It makes you vulnerable to cold.
   SInv:      It lets you see invisible.
 N - a +2 hat of intelligence (worn)
   (You took it off Gastronok on level 10 of the Dungeon)
 Q - +1 gold dragon scales (worn)
   (You took it off a minotaur in a Gauntlet)
 S - a +2 pair of boots of flying (worn)
   (You found it in a Gauntlet)
 U - a +0 crystal plate armour of cold resistance
   (You found it in an ice cave)
 Y - the +1 pair of gloves "Acrafec" (worn) {Regen+}
   (You found it in a Gauntlet)

   Regen+:    It increases your rate of health regeneration.
Jewellery
 C - a ring of resist corrosion
   (You found it on level 13 of the Dungeon)
 F - the ring of the Tarantula (right hand) {Fly rPois rF+ Int+2 Dex+6}
   (You bought it in a shop on level 3 of the Dungeon)

   [ring of dexterity]

   Int+2:     It affects your intelligence (+2).
   Dex+6:     It affects your dexterity (+6).
   rF+:       It protects you from fire.
   rPois:     It protects you from poison.
   Fly:       It grants you flight.
 G - an amulet of guardian spirit (around neck)
   (You found it on level 2 of the Lair of Beasts)
 H - an amulet of the acrobat
   (You found it on level 4 of the Dungeon)
 I - a ring of protection from cold
   (You took it off a minotaur in a Gauntlet)
 P - a +4 ring of slaying (left hand)
   (You bought it in a shop on level 2 of the Orcish Mines)
 T - a +4 ring of protection
   (You found it on level 6 of the Dungeon)
 Z - a ring of protection from fire
   (You bought it in a shop on level 3 of the Dungeon)
Wands
 f - a wand of flame (13)
   (You found it on level 9 of the Dungeon)
 r - a wand of roots (19)
   (You found it on level 5 of the Dungeon)
 x - a wand of acid (9)
   (You found it on level 10 of the Dungeon)
 D - a wand of digging (5)
   (You found it on level 1 of the Lair of Beasts)
Scrolls
 i - 7 scrolls of identify {@r1}
 o - 2 scrolls of butterflies
 p - 5 scrolls of fog
 q - 5 scrolls of noise {!r}
 s - a scroll of revelation
 t - 3 scrolls of teleportation {@r4}
 v - a scroll of fear
 y - 4 scrolls of vulnerability {!r}
 K - 2 scrolls of silence
 L - 4 scrolls of immolation {!r}
 M - a scroll of poison
Potions
 e - 8 potions of enlightenment
 j - 6 potions of curing {@q1}
 k - 3 potions of lignification {!q}
 l - 3 potions of haste {@q3}
 m - 2 potions of attraction {!q}
 u - 2 potions of heal wounds {@q2}
 w - 2 potions of mutation {!q}
 E - 11 potions of ambrosia
 J - 3 potions of cancellation
 O - 3 potions of might
Miscellaneous
 A - a lightning rod (4/4) {!a}
   (You found it on level 9 of the Dungeon)
 V - a phantom mirror
   (You found it on level 5 of the Lair of Beasts)
 X - a condenser vane (inert)
   (You found it on level 5 of the Lair of Beasts)


   Skills:
 + Level 16.3 Fighting
 + Level 20.6 Axes
 * Level 14.7 Ranged Weapons
 + Level 3.7 Throwing
 * Level 10.2 Armour
 - Level 3.6 Dodging
 - Level 9.0 Evocations


You had 14 spell levels left.
You didn't know any spells.
Your spell library was empty.

Dungeon Overview and Level Annotations

Branches:
Dungeon (14/15) Zot: 25633  Temple (0/1) D:7            Lair (5/5) D:11 Zot: 23317
  Swamp (0/4) Lair:3        Snake (0/4) Lair:2        Slime (0/5) Lair:4
    Orc (2/2) D:12 Zot: 10129     Elf (0/3) Orc:2         IceCv (visited)
Gauntlet (visited)
 Vaults: D:13-14

Altars:
Hepliaklqana
Kikubaaqudgha
Makhleb
Okawaru
Ru
The Shining One
Ignis

Shops:
D:2 (   D:3 ?[[=   Orc:2 *?==

Annotations:
D:14 Louise


Innate Abilities, Weirdness & Mutations

You have a pair of horns on your head.
You reflexively headbutt those who attack you in melee.
Your flesh is heat resistant. (rF+)
You have an increased reservoir of magic. (+10% MP)
[You are very dopey. (Int -4)]
[You are very weak. (Str -4)]
[Your health recovers twice as slowly from being drained.]


Message History

* * * LOW HITPOINT WARNING * * *
A starcursed mass splits.
The blink frog blinks!
The blink frog hits you but does no damage.
The blink frog hits you but does no damage.
The red devil hits you from afar with a +0 trident.
* * * LOW HITPOINT WARNING * * *
More barbed spikes become lodged in your body.
The starcursed mass is engulfed in blazing flames.
The starcursed mass shudders and is absorbed by its neighbour.
The blink frog blinks!
The blink frog hits you!
* * * LOW HITPOINT WARNING * * *
The blink frog blinks!
The starcursed mass is engulfed in seething chaos.
The acid corrodes the starcursed mass!
The wretched star pulses with an eldritch light!
You begin to recover more slowly from draining effects.
The red devil hits you from afar with a +0 trident.
* * * LOW HITPOINT WARNING * * *
More barbed spikes become lodged in your body.
A cacophony of accursed wailing tears at your sanity!
* * * LOW MAGIC WARNING * * *
* * * LOW HITPOINT WARNING * * *
You can move again.
Okay, then.
You feel much better.
The blink frog blinks!
A cacophony of accursed wailing tears at your sanity!
* * * LOW HITPOINT WARNING * * *
You shrug off the repeated paralysis!
The red devil hits you but does no damage.
The bone dragon is engulfed in seething chaos.
The bone dragon bites you but does no damage.
The bone dragon claws you.
* * * LOW HITPOINT WARNING * * *
The bone dragon barely misses you.
The blink frog hits you but does no damage.
Okay, then.
You feel much better.
The wretched star pulses with an eldritch light!
You feel stupid. x2
The red devil hits you from afar with a +0 trident.
* * * LOW HITPOINT WARNING * * *
More barbed spikes become lodged in your body.
The bone dragon bites you!
* * * LOW HITPOINT WARNING * * *
The bone dragon claws you!
* * * LOW HITPOINT WARNING * * *
The bone dragon tramples you but does no damage.
A starcursed mass splits.
A cacophony of accursed wailing tears at your sanity!
You die...

#. . ... ..
###### #.. ...
....# ..# ....
...##..##.
#... .......F.
##...#X..§....
#.§.FF@#
.§§§.X*D#
.....XFX4
.....☼X.X.
.#.§.X.X##.
##§.§#.# ..
.§A.XX. ##
.....###


You could see a bone dragon, 10 starcursed masses, a daeva, a wretched star, 4
blink frogs and a red devil.

Vanquished Creatures
  Jorgrun (D:13)
  Rupert (D:12)
  Gastronok (D:10)
  A tentacled starspawn (Abyss:3)
  Nessos (D:13)
  A minotaur (Gauntlet)
  The ghost of kareem the Black Belt, a journeyman OpSh of Okawaru (Lair:3)
  Azrael (D:12)
  Snorg (D:11)
  A ghost crab (Lair:3)
  A rakshasa (Abyss:3)
  2 alligators (Lair:2)
  3 hydras
  A merfolk avatar (Lair:5)
  A centaur warrior (D:13)
  2 ogre magi
  9 two-headed ogres
  An anaconda (Lair:2)
  Erolcha (D:12)
  A death yak (Lair:4)
  3 boulder beetles
  Urug (D:11)
  2 hell knights (D:11)
  Lodul (D:12)
  A wretched star (Abyss:3)
  A spectral death yak (Lair:3)
  A skeletal warrior (D:14)
  4 skysharks
  A sea snake (Lair:4)
  2 deep trolls (Orc:1)
  2 glowing orange brains (Gauntlet)
  A bog body (IceCv)
  An obsidian bat (D:12)
  A necromancer (IceCv)
  4 orc knights
  3 deep elf pyromancers
  A salamander (shapeshifter) (D:13)
  A wolf spider (Lair:1)
  An orc sorcerer (Orc:1)
  4 ugly things
  A manticore (D:14)
  5 cyclopes
  8 elephants
  3 kobold blastminers (Orc:1)
  5 black mambas
  2 torpor snails (Lair:4)
  3 meliai (Lair:4)
  2 ice statues (IceCv)
  3 gargoyles (D:11)
  4 rime drakes
  4 centaur skeletons (D:14)
  Maggie (Lair:2)
  A cane toad (shapeshifter) (D:14)
  15 cane toads
  11 komodo dragons
  An unseen horror (D:10)
  An ancient zyme (Abyss:3)
  3 yaktaurs (D:14)
  A kobold demonologist (D:10)
  A freezing wraith (IceCv)
  An anaconda simulacrum (IceCv)
  8 ice devils
  15 trolls
  A hornet (shapeshifter) (D:13)
  2 wind drakes (Lair:5)
  6 polar bears
  A wolf spider simulacrum (D:14)
  5 hornets
  A snapping turtle (Lair:5)
  A queen bee (Lair:4)
  A raiju (Abyss:3)
  A spectral dream sheep (Lair:3)
  18 blink frogs
  6 slime creatures (D:13)
  A dream sheep (Lair:4)
  A yak (shapeshifter) (D:13)
  4 wraiths
  3 vampires (D:11)
  5 shadows
  A centaur simulacrum (D:14)
  A spectral black mamba (Lair:3)
  A ynoxinul (Abyss:3)
  34 yaks
  6 fire bats (D:11)
  2 dire elephant simulacra (IceCv)
  2 small abominations (Abyss:3)
  6 wyverns
  3 basilisks
  5 fire elementals (D:12)
  A neqoxec (Gauntlet)
  3 wargs
  4 chaos spawn
  2 death yak simulacra
  3 steam dragons
  2 vampire mosquitoes (D:14)
  2 two-headed ogre zombies (D:12)
  3 nagas (Lair:2)
  4 harpy simulacra (IceCv)
  A spectral cane toad (Lair:3)
  3 hydra simulacra (IceCv)
  2 acid dragons
  10 water moccasins
  A hell hound (D:12)
  23 orc warriors
  2 sky beasts (D:7)
  A spectral torpor snail (Lair:3)
  3 black bears
  A boggart (D:14)
  26 wolves
  27 ogres
  8 centaurs
  4 phantoms
  13 bullfrogs
  4 kobold brigands (D:14)
  6 gnoll sergeants (D:11)
  3 scorpions (Lair:2)
  A cane toad simulacrum (IceCv)
  2 two-headed ogre simulacra (Orc:1)
  16 wights
  32 killer bees
  7 howler monkeys
  5 jellies
  15 orc priests
  3 hounds
  A sleepcap (D:6)
  Jessica (D:2)
  A hell rat (Lair:2)
  Natasha (twice) (D:2)
  23 orc wizards
  2 troll simulacra (Orc:1)
  A spriggan simulacrum (Orc:1)
  5 ogre zombies (D:12)
  7 adders
  2 naga simulacra (Orc:1)
  3 white imps
  4 ufetubi
  3 dart slugs
  79 orcs
  13 endoplasms
  4 giant cockroaches
  4 gnoll zombies (D:12)
  7 goblins
  8 hobgoblins
  7 kobolds
  3 quokkas (D:2)
  6 ball pythons
  2 bats
  3 frilled lizards
  A gnoll skeleton (D:12)
  4 orc skeletons (D:12)
  16 orc zombies (D:12)
  5 rats
745 creatures vanquished.

Vanquished Creatures (others)
  An orc wizard (Orc:1)
  2 starspawn tentacles (Abyss:3)
3 creatures vanquished.

Grand Total: 748 creatures vanquished

Notes
Turn   | Place    | Note
-------+----------+-------------------------------------------
     0 | D:1      | Pooter the Minotaur Berserker began the quest for the Orb.
     0 | D:1      | Reached XP level 1. HP: 19/19 MP: 0/0
   253 | D:1      | Reached XP level 2. HP: 21/27 MP: 1/1
   480 | D:1      | Found a faded altar of an unknown god.
   584 | D:1      | Reached skill level 4 in Axes
   797 | D:1      | Reached ** piety under Trog
   883 | D:2      | Reached XP level 3. HP: 33/33 MP: 2/2
   887 | D:2      | Noticed Jessica
   903 | D:2      | Killed Jessica
   918 | D:2      | Reached XP level 4. HP: 41/41 MP: 3/3
  1058 | D:2      | Identified the +1 leather armour "Awieq" {Str+5}
  1429 | D:2      | Noticed Natasha
  1435 | D:2      | Killed Natasha
  1597 | D:2      | Found Izeahuzxi's Weapon Emporium.
  1643 | D:2      | Noticed Natasha
  1646 | D:2      | Killed Natasha
  1647 | D:2      | Reached XP level 5. HP: 47/47 MP: 4/4
  1946 | D:3      | Reached skill level 5 in Fighting
  2005 | D:3      | Reached *** piety under Trog
  2008 | D:3      | Found Ceusuun's Armour Shop.
  2034 | D:3      | Found Dafidd's Magic Scroll Shoppe.
  2037 | D:3      | Bought a scroll of identify for 26 gold pieces
  2037 | D:3      | Bought a scroll of identify for 26 gold pieces
  2037 | D:3      | Bought 2 scrolls of identify for 52 gold pieces
  2038 | D:3      | Identified a scroll of acquirement
  2039 | D:3      | Acquired the +8 battleaxe "Raamuc" {flame, rC+ rN+ Str-3}
  2199 | D:3      | Reached skill level 5 in Axes
  2215 | D:3      | Found Lofukur's Jewellery Boutique.
  2245 | D:3      | Found Cyatopta's Antique Armour Shoppe.
  2492 | D:3      | Bought a scroll of revelation for 97 gold pieces
  3185 | D:4      | Noticed a phantom
  3192 | D:4      | Killed a phantom
  3193 | D:4      | Reached XP level 6. HP: 47/56 MP: 5/5
  3705 | D:5      | Entered Level 5 of the Dungeon
  3717 | D:5      | Reached skill level 6 in Axes
  3770 | D:5      | Noticed a water moccasin
  3776 | D:5      | Killed a water moccasin
  3783 | D:5      | Reached XP level 7. HP: 63/63 MP: 6/6
  3883 | D:5      | Found a hazy altar of Hepliaklqana.
  3903 | D:5      | You fall into a shaft and drop 3 floors!
  3940 | D:8      | Reached skill level 7 in Axes
  4519 | D:7      | Reached skill level 8 in Axes
  4668 | D:6      | Reached XP level 8. HP: 61/73 MP: 7/7
  4844 | D:5      | Reached skill level 9 in Axes
  4990 | D:3      | Bought a pair of embroidered gloves for 157 gold pieces
  5042 | D:5      | Identified the +6 short sword of the Endless Mice {flame,
                  | rN+++ rCorr MP+9 Int-4}
  5100 | D:5      | Found a glowing golden altar of the Shining One.
  5849 | D:6      | Found an iron altar of Okawaru.
  5903 | D:6      | Reached skill level 10 in Axes
  6254 | D:7      | Reached skill level 11 in Axes
  6256 | D:7      | Reached XP level 9. HP: 82/82 MP: 8/8
  6610 | D:7      | Found a staircase to the Ecumenical Temple.
  6878 | D:8      | Reached skill level 12 in Axes
  7184 | D:8      | Reached skill level 10 in Fighting
  7391 | D:8      | Reached skill level 1 in Ranged Weapons
  7457 | D:9      | Paralysed by a hornet for 3 turns
  7462 | D:9      | Paralysed by a hornet for 1 turns
  7464 | D:9      | Reached skill level 13 in Axes
  7464 | D:9      | Reached skill level 1 in Evocations
  7651 | D:9      | Found a burning altar of Makhleb.
  7903 | D:9      | Reached XP level 10. HP: 82/93 MP: 9/9
  8501 | D:3      | Bought a ring of poison resistance for 240 gold pieces
  8892 | D:10     | Entered Level 10 of the Dungeon
  8902 | D:10     | Reached skill level 14 in Axes
  9088 | D:10     | Noticed a two-headed ogre
  9097 | D:10     | Killed a two-headed ogre
  9391 | D:10     | Noticed Gastronok
  9406 | D:10     | Killed Gastronok
  9545 | D:10     | Reached XP level 11. HP: 98/102 MP: 10/10
  9817 | D:11     | Noticed Urug
  9823 | D:11     | Killed Urug
  9824 | D:11     | Reached skill level 5 in Ranged Weapons
  9868 | D:10     | Reached skill level 15 in Axes
 10145 | D:11     | Noticed Snorg
 10175 | D:11     | Killed Snorg
 10739 | D:11     | Reached skill level 5 in Evocations
 10931 | D:3      | Bought a ring of protection from fire for 300 gold pieces
 11090 | D:11     | Found a staircase to the Lair.
 11286 | D:11     | Reached skill level 16 in Axes
 11373 | D:11     | Noticed a hell knight
 11375 | D:11     | Noticed a hell knight
 11380 | D:11     | Killed a hell knight
 11444 | D:11     | Killed a hell knight
 11446 | D:11     | Reached XP level 12. HP: 73/113 MP: 11/11
 11646 | D:11     | Found a candlelit altar of Ignis.
 11669 | D:11     | Identified the +5 hand axe of Otoozxis {flame, rElec}
 11763 | Lair:1   | Entered Level 1 of the Lair of Beasts
 12284 | Lair:1   | Reached **** piety under Trog
 12285 | Lair:1   | Reached skill level 17 in Axes
 12666 | Lair:2   | Found a staircase to the Snake Pit.
 12794 | Lair:2   | Noticed a four-headed hydra
 12798 | Lair:2   | Killed a two-headed hydra
 13040 | Lair:2   | Noticed an alligator
 13044 | Lair:2   | Noticed an eight-headed hydra
 13048 | Lair:2   | Killed an alligator
 13053 | Lair:2   | Killed a four-headed hydra
 13289 | Lair:2   | Noticed an alligator
 13289 | Lair:2   | Noticed an anaconda
 13347 | Lair:2   | Noticed Maggie
 13366 | Lair:2   | Killed Maggie
 13642 | Lair:2   | Reached skill level 18 in Axes
 13683 | Lair:2   | Killed an anaconda
 13684 | Lair:2   | Reached XP level 13. HP: 122/122 MP: 9/12
 14508 | Lair:3   | Found a runed translucent door.
 14509 | Lair:3   | Noticed kareem's ghost (journeyman OpSh)
 14519 | Lair:3   | Killed kareem's ghost
 14964 | Lair:3   | Reached skill level 10 in Ranged Weapons
 15000 | Lair:3   | Found a staircase to the Swamp.
 15746 | Lair:4   | Reached skill level 19 in Axes
 15760 | Lair:4   | Found an ancient bone altar of Kikubaaqudgha.
 15864 | Lair:4   | Identified the +1 leather armour "Jaumn" {rN++ Regen+}
 16026 | Lair:4   | Found a staircase to the Slime Pits.
 16350 | Lair:4   | Reached ***** piety under Trog
 16742 | Lair:4   | Reached XP level 14. HP: 133/133 MP: 13/13
 16902 | Lair:5   | Entered Level 5 of the Lair of Beasts
 18006 | Lair:5   | Identified the +3 leather armour of Qijud {rC+}
 18198 | Lair:5   | Identified the +11 trident of Discord {holy, SInv}
 18610 | D:12     | Found a gate leading to a gauntlet.
 18624 | Gauntlet | Entered a Gauntlet
 18624 | Gauntlet | Found a transporter.
 18627 | Gauntlet | Found a transporter.
 18631 | Gauntlet | Reached skill level 20 in Axes
 18773 | Gauntlet | Found a transporter.
 18773 | Gauntlet | Found a transporter.
 18774 | Gauntlet | Found a large runed translucent door.
 18775 | Gauntlet | Found a large runed translucent door.
 18775 | Gauntlet | Found a large runed translucent door.
 18775 | Gauntlet | Found a large runed translucent door.
 18779 | Gauntlet | Noticed a quicksilver ooze
 18782 | Gauntlet | Found a transporter.
 18782 | Gauntlet | Found a large runed translucent door.
 18782 | Gauntlet | Found a large runed translucent door.
 18782 | Gauntlet | Found a runed translucent door.
 18782 | Gauntlet | Found a runed translucent door.
 18783 | Gauntlet | Found a large runed translucent door.
 18784 | Gauntlet | Found a large runed translucent door.
 18785 | Gauntlet | Found a large runed translucent door.
 18785 | Gauntlet | Found a large runed translucent door.
 18786 | Gauntlet | Found a runed translucent gate.
 18786 | Gauntlet | Found a runed translucent gate.
 18786 | Gauntlet | Found a runed translucent gate.
 18788 | Gauntlet | Found a transporter.
 18802 | Gauntlet | Found a transporter.
 18808 | Gauntlet | Found a transporter.
 18818 | Gauntlet | Found a transporter.
 18877 | Gauntlet | Found a transporter.
 18905 | Gauntlet | Found a transporter.
 18924 | Gauntlet | Reached skill level 15 in Fighting
 18960 | Gauntlet | Identified the +1 pair of gloves "Acrafec" {Regen+}
 19009 | Gauntlet | Found the ring of the Mage {Wiz Archmagi}
 19009 | Gauntlet | Found a transporter.
 19018 | Gauntlet | Identified the +10 lajatang of Iloigo {flame, rC+}
 19094 | Gauntlet | Identified the +4 fire dragon scales of Midwinter {rF++ rC-
                  | SInv}
 19104 | D:12     | Noticed Azrael
 19119 | D:12     | Killed Azrael
 19222 | D:12     | Gained mutation: You occasionally lose the ability to read
                  | scrolls when taking damage. [potion of mutation]
 19222 | D:12     | Gained mutation: You expend magic power (3 MP) to
                  | strengthen your wands. [potion of mutation]
 19222 | D:12     | Gained mutation: Your flesh is cold resistant. (rC+)
                  | [potion of mutation]
 19223 | D:12     | Lost mutation: Your flesh is cold resistant. (rC+) [potion
                  | of mutation]
 19223 | D:12     | Lost mutation: You occasionally lose the ability to read
                  | scrolls when taking damage. [potion of mutation]
 19223 | D:12     | Lost mutation: You expend magic power (3 MP) to strengthen
                  | your wands. [potion of mutation]
 19223 | D:12     | Gained mutation: [You are dopey. (Int -2)] [potion of
                  | mutation]
 19223 | D:12     | Gained mutation: [You are very dopey. (Int -4)] [potion of
                  | mutation]
 19224 | D:12     | Lost mutation: [You are very dopey. (Int -4)] [potion of
                  | mutation]
 19224 | D:12     | Lost mutation: [You are dopey. (Int -2)] [potion of
                  | mutation]
 19224 | D:12     | Gained mutation: You are partially covered in iridescent
                  | scales. (AC +2) [potion of mutation]
 19224 | D:12     | Gained mutation: You expend magic power (3 MP) to
                  | strengthen your wands. [potion of mutation]
 19225 | D:12     | Lost mutation: You are partially covered in iridescent
                  | scales. (AC +2) [potion of mutation]
 19225 | D:12     | Lost mutation: You expend magic power (3 MP) to strengthen
                  | your wands. [potion of mutation]
 19225 | D:12     | Gained mutation: [You are weak. (Str -2)] [potion of
                  | mutation]
 19225 | D:12     | Gained mutation: You occasionally lose the ability to read
                  | scrolls when taking damage. [potion of mutation]
 19225 | D:12     | Gained mutation: You possess an exceptional clarity of
                  | mind. [potion of mutation]
 19226 | D:12     | Lost mutation: You occasionally lose the ability to read
                  | scrolls when taking damage. [potion of mutation]
 19226 | D:12     | Lost mutation: [You are weak. (Str -2)] [potion of
                  | mutation]
 19226 | D:12     | Lost mutation: You possess an exceptional clarity of mind.
                  | [potion of mutation]
 19226 | D:12     | Gained mutation: You have an increased reservoir of magic.
                  | (+10% MP) [potion of mutation]
 19226 | D:12     | Gained mutation: Your flesh is heat resistant. (rF+)
                  | [potion of mutation]
 19306 | D:12     | Noticed Lodul
 19338 | D:12     | Killed Lodul
 19339 | D:12     | Reached skill level 5 in Armour
 19385 | D:12     | Noticed Rupert
 19414 | D:12     | Killed Rupert
 19513 | D:12     | Found a staircase to the Orcish Mines.
 19721 | D:12     | Received a gift from Trog
 19770 | D:12     | Found a sacrificial altar of Ru.
 19812 | Orc:1    | Entered Level 1 of the Orcish Mines
 20019 | Orc:1    | Found a frozen archway.
 20051 | IceCv    | Entered an ice cave
 20494 | IceCv    | Reached XP level 15. HP: 141/141 MP: 13/15
 21396 | IceCv    | Found the +2 Maxwell's thermic engine {flame, freeze, rev}
 22028 | D:3      | Bought the ring of the Tarantula {Fly rPois rF+ Int+2
                  | Dex+6} for 726 gold pieces
 22292 | Orc:2    | Entered Level 2 of the Orcish Mines
 22292 | Orc:2    | Found a staircase to the Elven Halls.
 22472 | Orc:1    | Reached skill level 1 in Throwing
 22729 | Orc:2    | Found Zedoth's Jewellery Boutique.
 22786 | Orc:2    | Found Byrcheage's Jewellery Emporium.
 22789 | Orc:2    | Bought a +4 ring of slaying for 540 gold pieces
 22793 | Orc:2    | Found Etuzxoe's Magic Scroll Shop.
 22794 | Orc:2    | Found Kagoevos's Assorted Antiques.
 23203 | Orc:2    | Received a gift from Trog
 23601 | D:13     | Noticed Nessos
 23603 | D:13     | Noticed Erolcha
 23605 | D:13     | Killed Nessos
 23610 | D:12     | Killed Erolcha
 23678 | D:13     | Noticed Jorgrun
 23705 | D:13     | Killed Jorgrun
 26358 | D:14     | Noticed Louise
 26932 | Abyss:3  | Cast into level 3 of the Abyss (Louise)
 26976 | Abyss:3  | Reached skill level 10 in Armour
 27067 | Abyss:3  | Noticed a tentacled starspawn
 27069 | Abyss:3  | Noticed a bone dragon
 27070 | Abyss:3  | Killed a tentacled starspawn
 27078 | Abyss:3  | Noticed a daeva
 27078 | Abyss:3  | Paralysed by accursed screaming for 2 turns
 27083 | Abyss:3  | Paralysed by accursed screaming for 2 turns
 27085 | Abyss:3  | HP: 5/145 [starcursed mass/accursed screaming (5)]
 27087 | Abyss:3  | Killed from afar by a starcursed mass

Illustrated notes

Levels and vault maps discovered:
D:1:      ldierk_walled_garden_2, layout_basic,
          ebering_ecumenical_altar_sacrificial
D:2:      layout_loops_ring, serial_shops, shop, nicolae_twisty_statue_hallways,
          uniq_natasha, uniq_jessica
D:3:      layout_basic, serial_shops, nicolae_shop_real_fake_doors, shop, shop,
          shop
D:4:      layout_layer_cave, serial_co_window_serial,
          co_window_of_opportunity_a, co_window_paths_a,
          co_window_of_opportunity_a, co_window_corner_a, co_window_paths_b,
          co_window_broadway_c, co_window_paths_c, co_window_2corner,
          co_window_corner_b, co_window_paths_c, co_window_paths_c,
          glass_columns_a, minmay_misc_feat_cross
D:5:      layout_loops_ring, tso_metal_star, kennysheep_mini_moat
D:6:      layout_gridville, hellmonk_okawaru_the_only_friend_you_need,
          serial_bayou_lagoon_a, dk_rats_in_the_wall
D:7:      layout_loops_ring, minmay_temple_entry_hall
D:8:      layout_basic
D:9:      layout_basic, mainiacjoe_overflow_catwalk
D:10:     layout_long_grid, kennysheep_generic_room_11, uniq_gastronok
D:11:     regret_index_infernal_bastille, layout_rooms, uniq_urug, uniq_snorg
D:12:     layout_rooms, zombieorc2_lemuel, gauntlet_entry_generic,
          nicolae_ru_the_path_less_chosen, uniq_azrael, uniq_lodul, uniq_rupert
D:13:     layout_rooms, minmay_misc_feat_tower, uniq_nessos, uniq_erolcha,
          uniq_jorgrun
D:14:     layout_loops_cross, hangedman_vaults_entry_quadrant_bands,
          nicolae_sextant, uniq_louise
Lair:1:   layout_hall_layers, nicolae_lair_run_with_the_wolves
Lair:2:   layout_regular_city, minmay_snake_entry_guardpost_small,
          nicolae_lair_lakeside_cave, infiniplex_staircase_pool_2, uniq_maggie
Lair:3:   layout_roguey, nicolae_swamp_entry_spooky,
          ebering_ghost_reflecting_pool, st_stairs_8
Lair:4:   nzn_winding_woodlands_medium [nzn_winding_woodlands_5x5_three,
          nzn_winding_woodlands_5x15_concentric,
          nzn_winding_woodlands_5x5_cross,
          nzn_winding_woodlands_5x5_checkerboard,
          nzn_winding_woodlands_center_garden,
          nzn_winding_woodlands_5x5_open_star, nzn_winding_woodlands_hourglass,
          nzn_winding_woodlands_5x15_parted,
          nzn_winding_woodlands_5x5_closed_star], layout_gridlike,
          nicolae_slime_entry_slimehenge, special_room [special_room_bee],
          basic_altar
Lair:5:   gammafunk_lair_ancient_temple, layout_cave_pods, st_stairs_3,
          lemuel_fruit_tree
Orc:1:    layout_caves, portal_ice_cave_entry_ice_simulacra
Orc:2:    st_orc_open, layout_caves
Abyss:3:  base: D:6, eino_small_chamber_without_monster, evilmike_abyss_exit_7

Skill      XL: |  1  2  3  4  5  6  7  8  9 10 11 12 13 14 15 |
---------------+----------------------------------------------+-----
Fighting       | 4 5 6 7 8 10 11 12 13 14 15 16 | 16.3
Axes           | 4 5 6 8 11 13 14 16 18 19 20 | 20.6
Armour         | 3 4 7 10 | 10.2
Dodging        | 3 |  3.6
Ranged Weapons | 2 4 7 8 11 13 14 | 14.7
Evocations     | 1 4 5 7 8 9 |  9.0
Throwing       | 3 |  3.7

Action                     |  1- 3 |  4- 6 |  7- 9 | 10-12 | 13-15 || total
---------------------------+-------+-------+-------+-------+-------++-------
  Melee: Hand axe          |    54 |    60 |       |       |       ||   114
         Headbutt          |     3 |    13 |    13 |    51 |   156 ||   236
         Battleaxe         |       |    24 |   144 |   301 |   777 ||  1246
         Trident           |       |       |       |       |     4 ||     4
   Fire: Sling             |    24 |    78 |    16 |       |       ||   118
         Orcbow            |       |       |       |    56 |    59 ||   115
         Shortbow          |       |       |       |       |    35 ||    35
         Arbalest          |       |       |       |       |    79 ||    79
  Throw: Boomerang         |       |     5 |    13 |    13 |    25 ||    56
 Invoke: Berserk           |     1 |     2 |     3 |    11 |    23 ||    40
         Trog's Hand       |       |       |     6 |    14 |    33 ||    53
  Evoke: Wand              |       |       |     1 |     3 |     8 ||    12
         Condenser vane    |       |       |       |       |     2 ||     2
         Lightning rod     |       |       |       |       |     3 ||     3
    Use: Scroll            |       |     8 |    14 |     5 |    14 ||    41
         Potion            |       |       |     1 |       |     8 ||     9
 Armour: Animal skin       |    17 |       |       |       |       ||    17
         Chain mail        |    24 |   112 |   123 |   320 |    40 ||   619
         Plate armour      |       |       |       |       |   280 ||   280
         Gold dragon scale |       |       |       |       |   591 ||   591
  Dodge: Dodged            |    41 |    44 |    83 |   150 |   256 ||   574

Table legend: (Time is in decaauts)
 A = Elapsed time spent in this place.
 B = Non-inter-level travel time spent in this place.
 C = Inter-level travel time spent in this place.
 D = Time resting spent in this place.
 E = Time spent auto-exploring this place.
 F = Levels seen in this place.
 G = Mean time per level.
                   A        B        C        D        E       F      G
               +--------+--------+--------+--------+--------+-----+--------+
         Total |  27521 |  25800 |   1721 |   8756 |  12301 |  24 | 1146.7 |
       Dungeon |  16776 |  15295 |   1481 |   4989 |   7686 |  14 | 1198.3 |
          Lair |   6682 |   6472 |    210 |   1609 |   3661 |   5 | 1336.4 |
  Orcish Mines |   1870 |   1840 |     30 |    724 |    729 |   2 |  935.0 |
         Abyss |    146 |    146 |      0 |     22 |      0 |   1 |  146.0 |
      Ice Cave |   1554 |   1554 |      0 |   1220 |    169 |   1 | 1554.0 |
      Gauntlet |    490 |    490 |      0 |    190 |     55 |   1 |  490.0 |
               +--------+--------+--------+--------+--------+-----+--------+

Top non-repeatable levels by time:
    D:13: 1909 daAuts
  Lair:3: 1712 daAuts
    D:11: 1695 daAuts
  Lair:4: 1593 daAuts
   IceCv: 1554 daAuts
     D:4: 1479 daAuts
     D:7: 1450 daAuts
  Lair:5: 1427 daAuts
     D:9: 1375 daAuts
    D:14: 1365 daAuts
    D:10: 1358 daAuts
  Lair:2: 1246 daAuts
     D:2: 1001 daAuts
    D:12: 985 daAuts
   Orc:1: 972 daAuts
